 Dungeon Crawl Stone Soup version 0.26.1-11-gd32895ea62 (webtiles) character file.

Game seed: 12372523219504466752

63 pcat the Conjurer (level 3, 0/20 HPs)
             Began as a Deep Elf Conjurer on May 24, 2021.
             Slain by an orc
             ... wielding a +0 club
              (6 damage)
             ... on level 2 of the Dungeon.
             The game lasted 00:05:35 (2124 turns).

pcat the Conjurer (Deep Elf Conjurer)               Turns: 2124, Time: 00:05:35

Health: 0/20       AC:  2    Str:  4    XL:     3   Next: 87%
Magic:  6/10       EV: 13    Int: 23    God:
Gold:   98         SH:  0    Dex: 13    Spells: 9/10 levels left

rFire    . . .     SeeInvis .   f - +0 dagger
rCold    . . .     Faith    .   (no shield)
rNeg     . . .     Spirit   .   a - +0 robe
rPois    .         Reflect  .   (no helmet)
rElec    .         Harm     .   (no cloak)
rCorr    .         Rampage  .   (no gloves)
Will     .....                  (no boots)
Stlth    ++........             (no amulet)
HPRegen  0.06/turn              (no ring)
MPRegen  0.12/turn              (no ring)

@: very slightly contaminated
A: no striking features
a: no special abilities


You were on level 2 of the Dungeon.
You visited 1 branch of the dungeon, and saw 3 of its levels.

You collected 98 gold pieces.

Inventory:

Hand Weapons
 f - a +0 dagger (weapon)
Missiles
 p - 4 stones
Armour
 a - a +0 robe (worn)
 o - a +0 leather armour of cold resistance
Scrolls
 d - 5 scrolls of identify {unknown}
 e - 2 scrolls of enchant weapon {unknown}
 g - a scroll of teleportation {unknown}
 h - a scroll of blinking {unknown}
 j - a scroll of magic mapping {unknown}
 n - 4 scrolls of remove curse {unknown}
Potions
 b - 3 potions of attraction {unknown}
 c - 3 potions of curing {unknown}
 i - a potion of berserk rage {unknown}
 k - 2 potions of flight {unknown}
 l - a potion of lignification {unknown}
 m - 2 potions of might {unknown}
 q - a potion of heal wounds {unknown}


   Skills:
 + Level 0.9 Fighting
 - Level 2.4 Dodging
 - Level 2.4 Stealth
 * Level 4.2 Spellcasting
 * Level 5.2 Conjurations


You had 9 spell levels left.
You knew the following spells:

 Your Spells              Type           Power        Failure   Level
a - Magic Dart            Conj           100%         1%          1

Your spell library contained the following spells:

 Spells                   Type           Power        Failure   Level
 Searing Ray              Conj           58%          1%          2
 Animate Skeleton         Necr           8%           11%         1
 Apportation              Tloc           8%           11%         1
 Corona                   Hex            4%           11%         1
 Summon Small Mammal      Summ           16%          11%         1
 Dazzling Flash           Conj/Hex       32%          11%         3
 Fulminant Prism          Conj/Hex       8%           34%         4
 Iskenderun's Mystic Bla  Conj/Tloc      16%          34%         4


Dungeon Overview and Level Annotations

Branches:
Dungeon (3/15)

Altars:
Elyvilon
Fedhas
Hepliaklqana
Qazlal
The Shining One


Message History

The orc closely misses you.
Casting: Magic Dart (safe; 1% risk of failure)
Confirm with . or Enter, or press ? or * to list all spells.
Aiming: Magic Dart (safe; 1% risk of failure)
Press: ? - help, Shift-Dir - straight line, f/p - orc wizard
Aim: an orc wizard, wielding a +0 dagger and wearing a +0 robe (moderately wounded, 0% to evade)
The magic dart hits the orc wizard but does no damage.
The orc wizard is moderately wounded.
The orc wizard barely misses you. The orc barely misses you.
Unknown command.
Casting: Magic Dart (safe; 1% risk of failure)
Confirm with . or Enter, or press ? or * to list all spells.
Aiming: Magic Dart (safe; 1% risk of failure)
Press: ? - help, Shift-Dir - straight line, f/p - orc wizard
Aim: an orc wizard, wielding a +0 dagger and wearing a +0 robe (moderately wounded, 0% to evade)
You miscast Magic Dart.
You are very lightly contaminated with residual magic.
Nothing appears to happen.
The orc wizard closely misses you. The orc hits you with a +0 club.
You die...

############.#####.........#
#.## ##....................#
#.).
##..#####.#####..##..#.######
#.#....##.#...............#
##..##...........##..#.##.#
##..#####.#.####.##..#)##.#
#.....##.......#.......##.#
#...........)..####.##.##.#
#...........@o.# #.##.##.#
#......#....o..# #.......#
#......#.......# ###.#####
###............# #.#
#.##.#.......# #.#
#.##)#.####### #.# #.##....#
#.# #.####..### #.#
#.###.....# #.#


You could see an orc wizard and an orc.

Vanquished Creatures
  2 adders (D:2)
  An ooze (D:2)
  A worm (D:2)
  2 leopard geckos (D:2)
  An orc (D:2)
  2 giant cockroaches
  5 goblins
  2 hobgoblins (D:1)
  2 jackals (D:2)
  5 kobolds
  5 bats
  3 frilled lizards
  4 rats (D:2)
35 creatures vanquished.

Notes
Turn   | Place    | Note
-------+----------+-------------------------------------------
     0 | D:1      | pcat the Deep Elf Conjurer began the quest for the Orb.
     0 | D:1      | Reached XP level 1. HP: 10/10 MP: 6/6
   240 | D:1      | Reached XP level 2. HP: 15/15 MP: 5/8
   932 | D:2      | Found a glowing golden altar of the Shining One.
  1020 | D:2      | Reached skill level 5 in Conjurations
  1057 | D:2      | Reached XP level 3. HP: 20/20 MP: 7/10
  1198 | D:2      | Found a white marble altar of Elyvilon.
  1198 | D:2      | Found a blossoming altar of Fedhas.
  1206 | D:2      | Found a stormy altar of Qazlal.
  1258 | D:2      | Found a faded altar of an unknown god.
  1260 | D:2      | Found a hazy altar of Hepliaklqana.
  2124 | D:2      | Slain by an orc

Illustrated notes

Levels and vault maps discovered:
D:1:      psy_arrival_conway, layout_basic
D:2:      layout_loops_cross, chequers_temple_overflow_minitemple,
          lemuel_doored_altar, grunt_ministairs_7
D:3:      layout_loops_corners, grunt_ministairs_11, uniq_crazy_yiuf_cottage,
          uniq_sigmund

Skill      XL: |  1  2  3 |
---------------+----------+-----
Conjurations   | 5 |  5.2
Spellcasting   | 4 |  4.2
Fighting       | |  0.9
Dodging        | |  2.4
Stealth        | |  2.4

Action                   || total
-------------------------++-------
 Cast: Magic Dart        ||    61
Armor: Robe              ||     2
Dodge: Dodged            ||    15
